 Seeded DCSS version 0.31-a0-1611-g890cdf5628 (webtiles) character file.

Game seed: 560841995258110699 (custom seed)

14315 Esekla the Destroyer (level 12, -9/72 HPs)
             Began as a Tengu Conjurer on Jan 7, 2024.
             Was a Priest of Ashenzari.
             Mangled by a skyshark (23 damage)
             ... on level 2 of the Lair of Beasts on Jan 8, 2024.
             The game lasted 01:43:29 (13394 turns).

Esekla the Destroyer (Tengu Conjurer)              Turns: 13394, Time: 01:43:30

Health: -9/72      AC:  9    Str:  7    XL:     12   Next: 15%
Magic:  2/28       EV: 17    Int: 20    God:    Ashenzari [***...]
Gold:   456        SH:  5    Dex: 14    Spells: 20/33 levels left

rFire   + + .        r - +9 lance "Wyrmbane" {slay drac, rPois rF+ rC+ AC+3}
rCold   + . .        (no shield)
rNeg    . . .        z - +2 leather armour of the Cursed Sky {rF+ Str-3 Stlth+, Bglg, Melee} (curse)
rPois   +            (helmet restricted)
rElec   .            k - +0 cloak of Ashenzari's Jealousy {Self, Comp} (curse)
rCorr   +            (no gloves)
SInv    +            (boots unavailable)
Will    .....        D - amulet of the Cursed God {Reflect SH+5, Comp, Self} (curse)
Stlth   ++++         E - ring of resist corrosion
HPRegen 0.32/turn    g - ring of Ashenzari's Loss {Wiz, Self, Sorc} (curse)
MPRegen 0.21/turn

%: reflection, acrobat, clarity, wizardry (x1)
@: on blink cooldown, flying
A: beak, talons 3, evasive flight, acrobatic
a: Renounce Religion, Shatter the Chains


You were on level 2 of the Lair of Beasts.
You worshipped Ashenzari.
Ashenzari was most pleased with you.
You visited 3 branches of the dungeon, and saw 13 of its levels.
You also visited: Sewer and Bailey.

You collected 653 gold pieces.
You spent 197 gold pieces at shops.

Inventory:

Hand Weapons
 a - the +5 woodcutter's axe
   (You found it on level 4 of the Dungeon)
 c - a +1 scimitar of electrocution
 r - the +9 lance "Wyrmbane" (weapon) {slay drac, rPois rF+ rC+ AC+3}
   (You took it off Maggie on level 8 of the Dungeon)

   AC+3:      It affects your AC (+3).
   rF+:       It protects you from fire.
   rC+:       It protects you from cold.
   rPois:     It protects you from poison
 s - the +6 dagger of Jeidgharr {heavy, Dex+4}
   (You found it on level 3 of the Dungeon)

   Dex+4:     It affects your dexterity (+4).
 G - a +3 falchion
Missiles
 e - 7 javelins
 u - 14 poisoned darts
 F - 25 boomerangs (quivered)
 H - a curare-tipped dart
Armour
 k - the cursed +0 cloak of Ashenzari's Jealousy (worn) {Self, Comp}
   (You took it off Crazy Yiuf on level 6 of the Dungeon)

   It has a curse which improves the following skills: Introspection: Fighting
   and Spellcasting.
   Companions: Summonings and Necromancy.
 y - the +1 chain mail "Hafref" {Rampage}
   (You took it off a kobold in a bailey)

   Rampage:   It bestows one free step when moving towards enemies.
 z - the cursed +2 leather armour of the Cursed Sky (worn) {rF+ Str-3 Stlth+, Bglg, Melee}
   (You found it on level 3 of the Dungeon)

   Str-3:     It affects your strength (-3).
   rF+:       It protects you from fire.
   Stlth+:    It makes you more stealthy.
   It has a curse which improves the following skills: Beguiling: Hexes and
   Translocations.
   Melee Combat: Short Blades, Long Blades, Axes, Maces & Flails, Polearms,
   Staves and Unarmed Combat.
Jewellery
 g - the cursed ring of Ashenzari's Loss (right hand) {Wiz, Self, Sorc}
   (You took it off a gnoll on level 7 of the Dungeon)

   [ring of wizardry]

   Wiz:       It improves your spell success rate.
   It has a curse which improves the following skills: Introspection: Fighting
   and Spellcasting.
   Sorcery:   Conjurations and Alchemy.
 v - a ring of ice
 D - the cursed amulet of the Cursed God (around neck) {Reflect SH+5, Comp, Self}
   (You bought it in a shop on level 6 of the Dungeon)

   [amulet of reflection]

   Reflect:   It reflects blocked missile attacks.
   SH+5:      It affects your SH (+5).
   It has a curse which improves the following skills: Companions: Summonings
   and Necromancy.
   Introspection: Fighting and Spellcasting.
 E - a ring of resist corrosion (left hand)
Wands
 A - a wand of iceblast (8)
 I - a wand of acid (7)
Scrolls
 h - 3 scrolls of teleportation
 n - 2 scrolls of enchant weapon
 p - a scroll of acquirement
 q - 3 scrolls of amnesia
 w - 2 scrolls of enchant armour
 B - 3 scrolls of revelation
 C - a scroll of butterflies
Potions
 b - a potion of magic
 d - 2 potions of experience
 f - 3 potions of might
 i - 2 potions of brilliance
 j - a potion of lignification
 l - 2 potions of haste
 m - a potion of invisibility
 o - 5 potions of curing
 t - 5 potions of enlightenment
 x - a potion of ambrosia
 J - a potion of heal wounds


   Skills:
 + Level 4.2(7.0) Fighting
 + Level 0.5(1.7) Short Blades
 + Level 1.7(2.9) Long Blades
 + Level 1.7(6.9) Axes
 * Level 9.9(11.5) Polearms
 + Level 4.8 Throwing
 * Level 3.8 Armour
 + Level 5.9 Dodging
 + Level 6.2 Stealth
 + Level 2.3 Shields
 * Level 8.1(11.1) Spellcasting
 + Level 10.0(11.4) Conjurations
 + Level 5.9(7.4) Translocations


You had 20 spell levels left.
You knew the following spells:

 Your Spells              Type           Power      Damage    Failure   Level
a - Magic Dart            Conj           100%       1d8       1%          1
b - Blink                 Tloc           80%        N/A       1%          2
e - Searing Ray           Conj           100%       2d8       1%          2
l - Iskenderun's Mystic   Conj/Tloc      48%        2d11      1%          4
y - Sticky Flame          Fire/Alch      11%        2d5       32%         4

Your spell library contained the following spells:

 Spells                   Type           Power      Damage    Failure   Level
 Lesser Beckoning         Tloc           80%        N/A       1%          2
 Momentum Strike          Conj/Tloc      96%        3d10      1%          2
 Hailstorm                Conj/Ice       34%        3d8       1%          3
 Manifold Assault         Tloc           40%        N/A       1%          4
 Fulminant Prism          Conj/Alch      17%        3d10      3%          4
 Summon Ice Beast         Ice/Summ       11%        N/A       11%         3
 Dispersal                Tloc           20%        N/A       26%         6
 Animate Dead             Necr           12%        N/A       32%         4
 Ignite Poison            Fire/Alch      11%        N/A       32%         4
 Sculpt Simulacrum        Ice/Alch       5%         N/A       99%         6
 Haunt                    Necr/Summ      6%         N/A       100%        7
 Disjunction              Tloc           20%        N/A       100%        8
 Ignition                 Fire           5%         3d4       100%        8
 Infestation              Necr           6%         N/A       100%        8


Dungeon Overview and Level Annotations

Branches:
Dungeon (10/15)            Temple (1/1) D:7            Lair (2/5) D:9
 Spider (0/4) Lair:2        Sewer (visited)          Bailey (visited)
  Swamp: Lair:2-3    Shoals: Lair:2-3       Orc: D:9-12

Altars:
Ashenzari
Cheibriados
Dithmenos
Elyvilon
Fedhas
Gozag
Hepliaklqana
Kikubaaqudgha
Makhleb
Nemelex Xobeh
Okawaru
Qazlal
Ru
Sif Muna
Trog
Uskayaw
Vehumet
Xom
Yredelemnul
Zin
The Shining One

Shops:
D:6 *

Annotations:
D:6 wyvern
D:9 Harold


Innate Abilities, Weirdness & Mutations

You have a beak for a mouth.
You have claws for feet.
Your magical flight helps you evade attacks. (EV +4)
You can magically evade attacks while moving or waiting.


Message History

You erupt in a blast of force!
The mystic blast hits the skyshark!
The skyshark is severely wounded.
The skyshark is knocked back by the mystic blast.
Casting: Iskenderun's Mystic Blast (dangerous; 1% risk of failure)
Confirm with . or Enter, or press ? or * to list all spells.
Aiming: Searing Ray (safe; 1% risk of failure)
Press: ? - help, Shift-Dir - straight line, f/p - skyshark
Aim: a skyshark (severely wounded, berserk, 87% to hit)
The searing ray hits the skyshark.
The skyshark is almost dead. (Press . to maintain the ray.)
The skyshark bites you! The skyshark tail-slaps you!
* * * LOW HITPOINT WARNING * * *
The skyshark tail-slaps you.
* * * LOW HITPOINT WARNING * * *
Casting: Searing Ray (safe; 1% risk of failure)
Confirm with . or Enter, or press ? or * to list all spells.
You blink.
The skyshark rages.
You feel much better. The skyshark bites you! The skyshark tail-slaps you!
* * * LOW HITPOINT WARNING * * *
You block the skyshark's attack.
Casting: Blink (safe; 1% risk of failure)
Confirm with . or Enter, or press ? or * to list all spells.
You erupt in a blast of force!
The mystic blast hits the skyshark!
The skyshark is almost dead.
The skyshark is knocked back by the mystic blast.
Reach: r) +9 lance "Wyrmbane" {slay drac, rPois rF+ rC+ AC+3}
Press: ? - help, Dir - move target, f/p - skyshark
Aim: a skyshark (almost dead, berserk, about 21% to evade the +9 lance "Wyrmbane")
You reach to attack!
You hit the skyshark but do no damage.
The skyshark is almost dead.
The skyshark closely misses you. x2; You block the skyshark's attack.
Casting: Iskenderun's Mystic Blast (dangerous; 1% risk of failure)
Confirm with . or Enter, or press ? or * to list all spells.
You erupt in a blast of force!
The mystic blast hits the skyshark but does no damage.
The skyshark is almost dead.
The skyshark bites you!!
You die...

..# #P.#####..## ..#
##.P# ##..# ..##
##.## #.## ...###
#...#####.#
...P.######........##
....................#
...........#####...##
...#####... #.....#
...# #... ##@..##
...##.#....####F...#
...................#
...................#
..............>....P#
..##.##............##
...### ##....../...#
..## #......[...# ..#
#............


You could see a skyshark (berserk).

Vanquished Creatures
  A lindwurm (Lair:1)
  Joseph (D:8)
  2 black mambas (Lair:1)
  4 cane toads
  Maggie (D:8)
  2 komodo dragons (Lair:1)
  3 kobold demonologists (D:9)
  2 hornets
  3 blink frogs
  2 jumping spiders (Lair:2)
  4 wyverns
  10 yaks
  3 steam dragons
  2 basilisks (Lair:1)
  4 water moccasins
  11 orc warriors
  3 black bears
  An ice beast (D:5)
  An ogre (D:7)
  22 wolves
  3 centaurs
  A phantom (D:5)
  2 brain worms (Sewer)
  2 kobold brigands
  2 scorpions (D:6)
  5 bullfrogs
  8 wights (D:8)
  A bombardier beetle (D:5)
  7 orc priests
  3 hounds
  A gnoll bouda (D:7)
  Crazy Yiuf (D:6)
  2 jellies
  A sleepcap (D:6)
  6 iguanas
  11 orc wizards
  9 gnolls
  14 adders
  4 river rats (Sewer)
  A white imp (D:8)
  A ribbon worm (D:3)
  5 dart slugs
  22 orcs
  8 ball pythons
  4 endoplasms
  4 giant cockroaches
  12 goblins
  9 hobgoblins
  3 quokkas
  9 bats
  9 frilled lizards
  22 kobolds
  15 rats
289 creatures vanquished.

Notes
Turn   | Place    | Note
-------+----------+-------------------------------------------
     0 | D:1      | Esekla the Tengu Conjurer began the quest for the Orb.
     0 | D:1      | Reached XP level 1. HP: 10/10 MP: 4/4
   304 | D:2      | Reached XP level 2. HP: 15/15 MP: 6/6
   307 | D:2      | Learned a level 2 spell: Searing Ray
   484 | D:2      | Reached skill level 1 in Polearms
   676 | D:5      | Entered Level 5 of the Dungeon
   689 | D:5      | Noticed an ice beast
   700 | D:5      | Killed an ice beast
   701 | D:5      | Reached skill level 6 in Conjurations
   701 | D:5      | Reached XP level 3. HP: 19/19 MP: 1/7
   701 | D:5      | Reached XP level 4. HP: 24/24 MP: 1/8
   765 | D:5      | Reached XP level 5. HP: 28/28 MP: 4/9
   772 | D:5      | Found a glowing drain.
   840 | Sewer    | Entered a sewer
   851 | Sewer    | Reached skill level 1 in Long Blades
  1255 | Sewer    | Reached XP level 6. HP: 33/33 MP: 3/11
  1374 | Sewer    | Reached skill level 7 in Conjurations
  1620 | Sewer    | Reached skill level 1 in Fighting
  1881 | D:7      | Noticed a wyvern
  1918 | D:6      | Found an opulent altar of Gozag.
  1968 | D:7      | Found a staircase to the Ecumenical Temple.
  2005 | D:7      | Noticed a wyvern
  2026 | Temple   | Entered the Ecumenical Temple
  2041 | Temple   | Became a worshipper of Ashenzari the Shackled
  2174 | D:6      | Found a runed translucent door.
  2199 | D:6      | Noticed Crazy Yiuf
  2253 | D:6      | Gained mutation: Your magical flight helps you evade
                  | attacks. (EV +4) [Tengu growth]
  2253 | D:6      | Reached XP level 7. HP: 38/38 MP: 8/13
  2271 | D:6      | Found Bisonib's Assorted Antiques.
  2296 | D:6      | Bought a scroll labelled IJEPLA PUATE for 25 gold pieces
  2296 | D:6      | Bought a scroll labelled ZESHRIXT RARHI for 25 gold pieces
  2296 | D:6      | Bought a smoky silvery potion for 22 gold pieces
  3244 | D:4      | Found the +5 woodcutter's axe
  3297 | D:3      | Identified the +6 dagger of Jeidgharr {heavy, Dex+4}
  3301 | D:3      | Reached * piety under Ashenzari
  3320 | D:3      | Identified the +2 leather armour of the Hart {rF+ Str-3
                  | Stlth+}
  3619 | D:1      | Learned a level 4 spell: Iskenderun's Mystic Blast
  3929 | D:2      | Found a faded altar of an unknown god.
  4628 | D:3      | Reached skill level 1 in Throwing
  5449 | D:5      | Reached XP level 8. HP: 43/43 MP: 12/15
  5453 | D:5      | Reached skill level 1 in Translocations
  5784 | D:5      | Found a blossoming altar of Fedhas.
  5789 | D:5      | Found a sparkling altar of Nemelex Xobeh.
  5791 | D:5      | Found a shadowy altar of Dithmenos.
  5791 | D:5      | Found a stormy altar of Qazlal.
  5797 | D:5      | Found a basalt altar of Yredelemnul.
  5912 | D:6      | Bought a tiny fluorescent amulet for 125 gold pieces
  6317 | D:6      | Reached skill level 5 in Spellcasting
  6317 | D:6      | Reached skill level 8 in Conjurations
  6965 | D:6      | Killed Crazy Yiuf
  7322 | D:6      | Killed a wyvern
  7434 | D:7      | Reached skill level 1 in Axes
  7506 | D:7      | Reached skill level 5 in Stealth
  7506 | D:7      | Reached XP level 9. HP: 30/48 MP: 5/19
  7765 | D:7      | Identified a scroll of acquirement
  8150 | D:7      | Reached skill level 1 in Shields
  8276 | D:8      | Noticed Maggie
  8531 | D:8      | Reached skill level 5 in Polearms
  8531 | D:8      | Reached skill level 9 in Conjurations
  8605 | D:8      | Noticed Joseph
  9174 | D:8      | Killed Joseph
  9175 | D:8      | Reached XP level 10. HP: 28/54 MP: 13/22
  9375 | D:8      | Killed Maggie
  9867 | D:9      | Noticed a kobold demonologist
 10006 | D:9      | Noticed a kobold demonologist
 10007 | D:9      | Noticed a kobold demonologist
 10070 | D:9      | Killed a kobold demonologist
 10114 | D:9      | Noticed an orange demon
 10115 | D:9      | Noticed Harold
 10116 | D:9      | Killed a kobold demonologist
 10117 | D:9      | Reached skill level 5 in Dodging
 10117 | D:9      | Killed a kobold demonologist
 10418 | D:10     | Entered Level 10 of the Dungeon
 10476 | D:10     | Identified the +3 sling "Xev Dej" {elec, Str+3}
 10481 | D:10     | Found a flagged portal.
 10499 | D:10     | Noticed a two-headed ogre
 10504 | Bailey   | Entered a bailey
 10619 | Bailey   | Reached ** piety under Ashenzari
 10695 | Bailey   | Identified the +1 chain mail "Hafref" {Rampage}
 10963 | D:9      | Found a staircase to the Lair.
 11060 | D:9      | Reached skill level 1 in Armour
 11087 | D:9      | Learned a level 2 spell: Blink
 11257 | D:9      | Upgraded the game from 0.31-a0-1603-gbec6b6ccbf to
                  | 0.31-a0-1611-g890cdf5628
 11258 | Lair:1   | Entered Level 1 of the Lair of Beasts
 11312 | Lair:1   | Reached XP level 11. HP: 60/60 MP: 24/24
 11611 | Lair:1   | Noticed a lindwurm
 11689 | Lair:1   | Reached skill level 5 in Translocations
 11787 | Lair:1   | Killed a lindwurm
 12874 | Lair:1   | Reached skill level 10 in Conjurations
 12945 | Lair:2   | Reached XP level 12. HP: 69/69 MP: 26/26
 13112 | Lair:2   | Found a hole to the Spider Nest.
 13312 | Lair:2   | Learned a level 4 spell: Sticky Flame
 13342 | Lair:2   | Noticed a skyshark
 13373 | Lair:2   | Reached *** piety under Ashenzari
 13394 | Lair:2   | Mangled by a skyshark

Illustrated notes

Levels and vault maps discovered:
D:1:      ncdulo_smallfort, layout_loops_cross
D:2:      layout_loops_cross, ebering_ecumenical_altar_sacrificial
D:3:      minmay_skewed_foursquare, layout_basic, serial_bayou_pond_a
D:4:      layout_loops_ring
D:5:      layout_cave_pools, nicolae_overflow_hallway_of_the_gods,
          mainiacjoe_sewer_entry_somewhere_in_here_2
D:6:      layout_layer_cave, grunt_gozag_statues, serial_shops, shop,
          uniq_crazy_yiuf_cottage
D:7:      layout_rooms, minmay_temple_entry_overgrown
D:8:      layout_basic, uniq_joseph, uniq_maggie
D:9:      layout_rooms, erik_lair_orcish_takeover, uniq_harold
D:10:     nicolae_hitomezashi [nicolae_hito_row, nicolae_hito_row,
          nicolae_hito_row, nicolae_hito_row, nicolae_hito_row,
          nicolae_hito_row, nicolae_hito_row, nicolae_hito_row,
          nicolae_hito_row, nicolae_hito_row, nicolae_hito_row,
          nicolae_hito_row, nicolae_hito_row, nicolae_hito_row,
          nicolae_hito_row, nicolae_hito_row, nicolae_hito_row,
          nicolae_hito_row], layout_basic, nicolae_wu_jian_wuxing_cycle,
          enter_bailey_5
Temple:   eino_wide_crystal_templ
Lair:1:   layout_gridlike, special_room [special_room_bee]
Lair:2:   layout_small_grid, spider_nest_entry_a, basic_altar

Skill      XL: |  1  2  3  4  5  6  7  8  9 10 11 |
---------------+----------------------------------+-----
Polearms       | 1 2 3 4 5 7 9 |  9.9
Conjurations   | 6 7 8 9 10 | 10.0
Long Blades    | 1 |  1.7
Stealth        | 3 5 6 |  6.2
Spellcasting   | 3 4 5 6 7 8 |  8.1
Fighting       | 1 2 4 |  4.2
Dodging        | 3 4 5 |  5.9
Throwing       | 1 2 3 4 |  4.8
Translocations | 1 3 4 5 |  5.9
Axes           | 1 |  1.7
Shields        | 1 2 |  2.3
Armour         | 1 3 |  3.8
Short Blades   | |  0.5

Action                     |  1- 3 |  4- 6 |  7- 9 | 10-12 || total
---------------------------+-------+-------+-------+-------++-------
  Melee: Dagger            |     4 |       |    39 |     9 ||    52
         Long sword        |     2 |    17 |       |       ||    19
         Kick              |       |     5 |     9 |    89 ||   103
         Peck              |       |     2 |     6 |    60 ||    68
         Battleaxe         |       |       |    22 |     8 ||    30
         Punch             |       |       |     1 |     3 ||     4
         Lance             |       |       |       |   313 ||   313
  Throw: Javelin           |     2 |     2 |     4 |       ||     8
         Dart              |       |       |    20 |     8 ||    28
         Boomerang         |       |       |    21 |    21 ||    42
   Cast: Magic Dart        |    11 |     7 |    17 |     1 ||    36
         Searing Ray       |     4 |    19 |    85 |    44 ||   152
         Iskenderun's Myst |       |       |     2 |     6 ||     8
         Sticky Flame      |       |       |       |     3 ||     3
         Blink             |       |       |       |     1 ||     1
 Invoke: Curse Item        |       |       |     3 |     3 ||     6
         Shatter the Chain |       |       |     1 |     1 ||     2
  Evoke: Wand              |       |       |     1 |       ||     1
    Use: Scroll            |       |     2 |     5 |     2 ||     9
         Potion            |       |       |     2 |     5 ||     7
   Stab: Sleeping          |     2 |       |    17 |     7 ||    26
         Distracted        |       |       |       |     1 ||     1
 Armour: Robe              |     3 |    15 |    49 |    22 ||    89
         Leather armour    |       |       |       |    91 ||    91
  Dodge: Dodged            |    15 |    36 |   136 |   206 ||   393
  Block: Other             |       |       |    20 |    61 ||    81
         Reflection        |       |       |     2 |     1 ||     3

Table legend: (Time is in decaauts)
 A = Elapsed time spent in this place.
 B = Non-inter-level travel time spent in this place.
 C = Inter-level travel time spent in this place.
 D = Time resting spent in this place.
 E = Time spent auto-exploring this place.
 F = Levels seen in this place.
 G = Mean time per level.
                   A        B        C        D        E       F      G
               +--------+--------+--------+--------+--------+-----+--------+
         Total |  13336 |  13057 |    279 |   3027 |   2950 |  15 |  889.1 |
       Dungeon |   9929 |   9664 |    265 |   1646 |   2628 |  10 |  992.9 |
        Temple |     31 |     17 |     14 |      0 |      0 |   1 |   31.0 |
          Lair |   2037 |   2037 |      0 |    729 |    159 |   2 | 1018.5 |
         Sewer |    972 |    972 |      0 |    539 |    143 |   1 |  972.0 |
        Bailey |    365 |    365 |      0 |    113 |     20 |   1 |  365.0 |
               +--------+--------+--------+--------+--------+-----+--------+

Top non-repeatable levels by time:
     D:6: 1946 daAuts
     D:8: 1500 daAuts
  Lair:1: 1357 daAuts
     D:3: 1143 daAuts
     D:7: 1038 daAuts
   Sewer: 972 daAuts
     D:5: 970 daAuts
     D:9: 900 daAuts
     D:4: 849 daAuts
     D:1: 734 daAuts
     D:2: 715 daAuts
  Lair:2: 680 daAuts
  Bailey: 365 daAuts
    D:10: 130 daAuts
  Temple: 31 daAuts
